Map: [ESL] Alcyone

Players

Lambo

  • Race: Zerg Zerg
  • Spawn Location: 1:00

Krystianer - Winner!

  • Race: Protoss Protoss
  • Spawn Location: 7:00

VOD

Have the link to the VOD?

Description

Time

  • Played on: April 18, 2024, 11:26 a.m.
  • Length: 15:57
Show
View Real Time Build Order
Export as new Build Order

Lambo Zerg 

Build Orders: Hatch First 

Get SALT Encoding   

  12  0:01  Drone  
  13  0:12  Overlord  
  13  0:17  Drone  
  14  0:30  Drone x2  
  16  0:49  Hatchery  
  15  0:51  Drone  
  15  0:54  Drone  
  17  0:58  Drone  
  18  1:09  Extractor  
  17  1:13  Spawning Pool  
  17  1:16  Drone  
  17  1:19  Drone  
  18  1:28  Drone  
  19  1:39  Drone  
  20  1:50  Drone  
  21  2:00  Queen  
  21  2:01  Queen, Zergling x2  
  25  2:02  Overlord  
  25  2:08  Metabolic Boost  
  26  2:11  Drone x2  
  28  2:25  Drone x2  
  30  2:34  Drone x2  
  34  2:39  Hatchery  
  34  2:43  Queen  
  33  2:47  Overlord  
  33  2:52  Zergling x2  
  33  2:56  Zergling x4  
  36  3:07  Overlord, Queen  
  38  3:14  Drone x3  
  38  3:18  Drone x2  
  42  3:27  Drone x2  
  41  3:34  Drone  
  41  3:38  Queen  
  41  3:39  Drone  
  45  3:42  Drone x3  
  45  3:47  Overlord  
  48  3:50  Drone  
  48  3:57  Drone x2  
  48  4:02  Queen  
  49  4:04  Overlord, Drone x2  
  53  4:10  Drone x2, Spore Crawler  
  53  4:14  Drone x2  
  53  4:16  Drone  
  57  4:19  Drone x2  
  57  4:20  Drone  
  60  4:25  Roach Warren  
  60  4:28  Overlord  
  60  4:30  Drone  
  60  4:34  Drone x3  
  60  4:36  Extractor, Drone  
  63  4:42  Zergling x2  
  63  4:43  Zergling x4  
  66  4:46  Overlord  
  66  4:49  Zergling x4  
  66  4:52  Drone x2  
  70  4:54  Queen  
  70  4:56  Spore Crawler  
  70  4:57  Drone  
  72  5:00  Drone x3  
  72  5:03  Overlord  
  75  5:07  Zergling x4  
  77  5:14  Drone x2  
  78  5:21  Drone x2  
  78  5:22  Lair  
  78  5:27  Roach x2  
  78  5:28  Roach x3  
  90  5:30  Spore Crawler  
  89  5:39  Roach x3  
  95  5:43  Drone x3  
  95  5:47  Overlord, Extractor  
  95  5:48  Extractor  
  95  5:49  Evolution Chamber, Drone x3  
  98  5:54  Hatchery  
  96  5:58  Drone x2  
  97  6:04  Overlord x2  
  97  6:05  Extractor  
  97  6:06  Extractor  
  97  6:08  Drone x6  
  97  6:09  Drone  
  102  6:13  Drone x3  
  102  6:15  Zerg Missile Weapons Level 1  
  105  6:32  Overlord  
  105  6:34  Drone x9  
  105  6:38  Drone x4  
  118  6:43  Spire  
  118  6:46  Extractor  
  116  6:49  Roach x3  
  120  6:58  Roach x5  
  128  7:15  Extractor, Drone x8  
  127  7:18  Overseer  
  135  7:24  Overlord  
  135  7:28  Overlord  
  135  7:29  Spore Crawler  
  134  7:34  Drone  
  134  7:35  Overlord, Infestation Pit  
  134  7:37  Overlord x2  
  134  7:39  Overlord  
  134  7:40  Overseer  
  142  7:44  Roach x4  
  142  7:46  Drone x4  
  142  7:51  Overlord, Roach x2  
  150  7:52  Overlord x2, Ravager  
  150  7:53  Overlord  
  150  7:56  Hatchery  
  150  7:58  Overlord, Spine Crawler  
  150  7:59  Overlord  
  150  8:01  Overlord  
  148  8:10  Roach x6  
  148  8:11  Ravager x2  
  162  8:13  Glial Reconstitution  
  162  8:14  Zerg Missile Weapons Level 2  
  162  8:17  Overseer  
  162  8:19  Hive  
  162  8:20  Roach  
  164  8:28  Roach x5  
  164  8:30  Drone  
  164  8:31  Drone  
  164  8:32  Drone  
  164  8:33  Drone  
  178  8:34  Spine Crawler  
  178  8:36  Roach x2  
  178  8:40  Roach x3  
  187  8:45  Ravager x2, Roach x4  
  187  8:46  Ravager  
  198  8:56  Ravager x2, Spine Crawler  
  198  8:58  Spine Crawler  
  198  8:59  Ravager x2  
  198  9:00  Spine Crawler  
  198  9:01  Ravager  
  199  9:22  Spine Crawler  
  199  9:23  Spine Crawler  
  197  9:25  Spine Crawler  
  197  9:26  Roach, Spine Crawler  
  197  9:30  Baneling Nest  
  196  9:35  Greater Spire  
  196  9:41  Roach x2  
  196  9:42  Queen  
  196  9:45  Roach x2  
  196  9:50  Roach x12  
  196  9:51  Roach x6  
  197  9:55  Roach  
  197  9:56  Roach  
  199  10:05  Roach  
  197  10:10  Roach x3  
  197  10:11  Roach x6  
  197  10:12  Roach  
  192  10:15  Roach x6  
  192  10:17  Zergling x2  
  192  10:18  Roach Warren, Zergling x2  
  181  10:25  Zergling x14  
  136  10:56  Baneling x6  
  134  10:57  Roach x19  
  134  10:59  Roach  
  172  11:05  Ravager  
  172  11:06  Ravager x6  
  172  11:07  Roach x4  
  175  11:18  Roach  
  175  11:19  Roach x5  
  165  11:27  Roach x6  
  165  11:29  Roach  
  157  11:34  Roach x3  
  157  11:35  Ravager x4  
  157  11:38  Roach  
  167  11:42  Roach x2  
  167  11:44  Ravager x4  
  173  11:47  Roach  
  173  11:48  Roach  
  173  11:50  Queen  
  173  11:52  Roach  
  177  11:54  Roach x2  
  177  11:59  Roach x3  
  161  12:02  Roach  
  161  12:05  Roach x3  
  161  12:07  Roach  
  149  12:10  Zergling x6  
  149  12:11  Ravager  
  149  12:12  Zergling x2  
  135  12:22  Roach  
  135  12:23  Roach x4  
  135  12:26  Roach  
  135  12:29  Roach x2  
  122  12:33  Roach x2  
  119  12:38  Roach x2  
  119  12:40  Roach  
  116  12:51  Ravager x4  
  120  12:54  Ravager  
  120  12:55  Zergling x10  
  120  12:57  Roach  
  128  13:03  Zergling x8  
  132  13:09  Zergling x6, Roach  
  137  13:17  Centrifugal Hooks  
  137  13:18  Zergling x2  
  137  13:19  Zergling x8  
  142  13:26  Baneling x10  
  142  13:28  Baneling  
  142  13:29  Zergling x4  
  142  13:32  Zergling x2  
  142  13:33  Zergling x4  
  145  13:34  Baneling x3  
  145  13:40  Roach x3  
  150  13:44  Roach x2  
  150  13:50  Zergling x12  
  150  13:53  Baneling x5  
  150  13:54  Zergling x2  
  150  14:05  Zergling x14  
  155  14:12  Corruptor  
  155  14:14  Corruptor  
  158  14:19  Corruptor  
  158  14:22  Corruptor  
  156  14:44  Brood Lord x2  
  158  14:49  Brood Lord  
  158  14:50  Zergling x16  
  164  15:01  Brood Lord  
  164  15:04  Roach x3  
  154  15:13  Roach x3  
  153  15:17  Baneling x4  
  132  15:36  Roach x7  
  137  15:49  Ravager x7  
Show
View Real Time Build Order
Export as new Build Order

Krystianer Protoss - Winner!

Build Orders: 1 Gate Expand, Oracle Opening, Archon Immortal, Archon Drop 

Get SALT Encoding   

  12  0:00  Probe  
  13  0:12  Probe  
  14  0:17  Pylon  
  14  0:24  Probe (Chrono Boost)  
  15  0:36  Probe (Chrono Boost)  
  15  0:41  Gateway  
  16  0:44  Probe (Chrono Boost)  
  17  0:50  Assimilator, Probe  
  18  1:03  Probe  
  19  1:15  Probe  
  20  1:25  Nexus  
  20  1:35  Cybernetics Core  
  20  1:38  Probe  
  21  1:43  Assimilator  
  21  1:50  Probe  
  21  1:53  Pylon  
  22  2:02  Probe  
  23  2:09  Adept (Chrono Boost)  
  23  2:14  Probe  
  26  2:18  Stargate  
  26  2:24  Warp Gate  
  26  2:27  Probe (Chrono Boost)  
  26  2:28  Adept (Chrono Boost)  
  29  2:37  Probe (Chrono Boost)  
  31  2:44  Probe (Chrono Boost)  
  31  2:47  Probe (Chrono Boost)  
  33  2:51  Adept, Probe (Chrono Boost)  
  33  2:52  Probe (Chrono Boost)  
  36  2:59  Oracle (Chrono Boost)  
  36  3:03  Probe  
  36  3:04  Probe  
  41  3:13  Pylon  
  41  3:15  Probe  
  41  3:16  Probe  
  43  3:27  Probe  
  43  3:28  Probe  
  43  3:33  Gateway  
  41  3:34  Assimilator  
  41  3:37  Assimilator  
  41  3:40  Probe (Chrono Boost)  
  43  3:42  Robotics Facility  
  43  3:44  Probe (Chrono Boost)  
  43  3:47  Twilight Council  
  43  3:50  Probe (Chrono Boost)  
  43  3:53  Probe (Chrono Boost)  
  43  3:55  Probe (Chrono Boost)  
  46  4:03  Probe  
  46  4:04  Gateway x2  
  46  4:07  Pylon  
  46  4:08  Probe  
  48  4:14  Adept  
  48  4:15  Probe  
  51  4:20  Probe  
  52  4:27  Adept, Warp Prism (Chrono Boost)  
  56  4:33  Templar Archives  
  56  4:37  Pylon  
  56  4:50  Nexus  
  56  4:52  Probe x2  
  58  4:59  Forge  
  58  5:01  Pylon  
  58  5:04  Probe x2  
  60  5:16  High Templar x4, Probe  
  60  5:20  Immortal (Chrono Boost), Probe  
  68  5:22  Archon x2  
  72  5:28  Probe  
  72  5:32  Pylon, Probe  
  72  5:33  Protoss Ground Weapons Level 1  
  74  5:40  Probe  
  71  5:47  Pylon, Probe  
  72  5:50  Immortal (Chrono Boost)  
  72  5:53  Probe  
  77  6:02  Probe x2 (Chrono Boost)  
  79  6:06  Assimilator  
  79  6:07  Sentry  
  79  6:08  Sentry  
  79  6:09  Sentry  
  79  6:10  Zealot, Probe (Chrono Boost)  
  88  6:13  Probe (Chrono Boost)  
  88  6:15  Probe (Chrono Boost)  
  88  6:18  Probe x2 (Chrono Boost)  
  91  6:19  Immortal (Chrono Boost)  
  91  6:23  Probe  
  91  6:25  Assimilator  
  97  6:26  Pylon  
  97  6:28  Probe  
  97  6:29  Probe  
  97  6:30  Pylon  
  99  6:35  Probe  
  100  6:40  Robotics Facility, Probe  
  100  6:42  Pylon  
  101  6:48  Immortal (Chrono Boost)  
  101  6:51  Zealot  
  101  6:53  Zealot  
  109  6:54  Zealot  
  111  7:08  Probe  
  112  7:14  Psionic Storm  
  112  7:15  Gateway  
  112  7:16  Gateway  
  112  7:17  Immortal (Chrono Boost)  
  112  7:19  Gateway  
  112  7:22  Gateway  
  116  7:23  Probe  
  116  7:29  Phoenix  
  119  7:31  Photon Cannon  
  119  7:33  High Templar x3  
  119  7:36  Shield Battery  
  125  7:37  Photon Cannon  
  125  7:43  Probe  
  130  7:46  Pylon  
  130  7:47  Pylon  
  130  7:48  Immortal (Chrono Boost), Protoss Ground Weapons Level 2 (Chrono Boost)  
  130  7:51  Probe  
  130  7:55  Phoenix  
  130  7:57  Pylon  
  137  8:11  Immortal (Chrono Boost)  
  137  8:15  Pylon  
  137  8:16  Observer (Chrono Boost)  
  137  8:17  Pylon  
  137  8:19  Zealot x3  
  144  8:20  Zealot x2  
  144  8:26  Zealot x3  
  154  8:28  Charge (Chrono Boost)  
  154  8:33  Immortal  
  154  8:34  Pylon  
  158  8:44  High Templar x2  
  158  8:45  Zealot x3  
  168  8:52  Photon Cannon  
  168  8:55  Zealot  
  168  8:56  Zealot x2  
  168  8:58  Pylon  
  174  9:06  Observer  
  174  9:07  Pylon  
  175  9:16  Zealot x7  
  185  9:49  Zealot x8  
  174  9:59  Blink  
  167  10:10  Zealot x7  
  167  10:13  Probe  
  164  10:16  Immortal x2 (Chrono Boost)  
  156  10:30  Zealot x8  
  162  10:41  Archon x2  
  154  10:45  Immortal (Chrono Boost)  
  144  10:51  High Templar x8  
  144  10:56  Archon x4  
  164  10:58  Immortal (Chrono Boost)  
  164  11:15  Immortal (Chrono Boost)  
  160  11:25  Zealot x8  
  166  11:27  Immortal (Chrono Boost)  
  154  11:46  Immortal (Chrono Boost), Sentry x4  
  161  11:47  Stalker x4  
  169  11:59  Immortal  
  147  12:10  Zealot x5, High Templar x2  
  147  12:12  Zealot  
  151  12:20  Archon  
  141  12:24  Immortal (Chrono Boost)  
  128  12:38  Zealot x6  
  128  12:42  Warp Prism (Chrono Boost)  
  134  12:44  Zealot x2  
  138  13:01  High Templar x5  
  148  13:09  High Templar x2  
  148  13:10  Nexus  
  148  13:12  Pylon  
  152  13:38  High Templar x2  
  152  13:39  High Templar x2  
  152  13:40  Zealot x2  
  164  13:41  Zealot  
  164  13:44  Archon  
  164  13:45  Archon  
  166  13:52  Zealot  
  166  13:53  Immortal (Chrono Boost)  
  168  14:00  Warp Prism (Chrono Boost)  
  172  14:10  High Templar x2  
  172  14:15  Pylon  
  172  14:16  Zealot x4  
  184  14:17  Assimilator  
  184  14:19  Assimilator  
  182  14:25  Observer  
  183  14:32  High Templar x2  
  183  14:37  Zealot x4  
  193  14:45  Zealot x2  
  195  15:05  Zealot x7  
  172  15:37  Stalker x8  
Tags
 
Add a new tag
Caveats
  • Supply blocks, unpowered buildings, or Contaminate may cause inaccurate times.
  • Supply counts are checked every 10 seconds.